 Dungeon Crawl Stone Soup version 0.22-a0-348-gd16d139 (webtiles) character file.

3665 JeffiDaFish the Geomancer (level 10, -3/50 HPs)
             Began as a Gargoyle Earth Elementalist on Apr 11, 2018.
             Was a Priest of Vehumet.
             Slain by a wyvern (4 damage)
             ... on level 8 of the Dungeon.
             The game lasted 00:33:32 (8439 turns).

JeffiDaFish the Geomancer (GrEE)                    Turns: 8439, Time: 00:33:32

Health: -3/50      AC: 12    Str: 11    XL:     10   Next: 12%
Magic:  2/23       EV: 12    Int: 20    God:    Vehumet [***...]
Gold:   364        SH:  0    Dex: 10    Spells: 14/27 levels left

rFire    . . .     SeeInvis .   l - +3 quarterstaff (chaos)
rCold    . . .     Gourm    .   (shield currently unavailable)
rNeg     + . .     Faith    .   c - +1 robe
rPois    ∞         Spirit   .   A - +2 hat
rElec    +         Reflect  .   q - scarf {repulsion}
rCorr    .         Harm     .   (no gloves)
MR       .....                  (no boots)
Stlth    +.........             k - amulet of regeneration
HPRegen  0.56/turn              v - ring of wizardry
MPRegen  0.18/turn              p - +1 ring of slaying

@: glowing, repel missiles
A: horns 1, blurry vision 1, negative energy resistance 1, electricity
resistance, unbreathing, petrification resistance, rot immunity, AC +7
a: Renounce Religion


You were on level 8 of the Dungeon.
You worshipped Vehumet.
Vehumet was most pleased with you.
You were near starving.

You visited 1 branch of the dungeon, and saw 8 of its levels.
You also visited: Sewer.

You collected 364 gold pieces.

Inventory:

Hand Weapons
 l - a +3 quarterstaff of chaos (weapon)
 x - a +0 whip of flaming
Missiles
 b - 106 stones (quivered)
Armour
 c - a +1 robe (worn)
 i - a +2 helmet
 m - a +0 cloak
 q - a scarf of repulsion (worn)
 A - a +2 hat (worn)
Jewellery
 k - an amulet of regeneration (around neck)
 p - a +1 ring of slaying (right hand)
 v - a ring of wizardry (left hand)
Wands
 r - a wand of iceblast (16)
 s - a wand of digging (33)
 z - a wand of paralysis (14)
 B - a wand of acid (7)
Scrolls
 a - 5 scrolls of teleportation
 e - 12 scrolls of identify
 g - 5 scrolls of amnesia
 h - 5 scrolls of blinking
 j - 4 scrolls of remove curse
 n - 2 scrolls of enchant armour
 o - a scroll of enchant weapon
 y - a scroll of fear
Potions
 f - 5 potions of curing
 t - a potion of mutation
 u - a potion of brilliance
 w - 3 potions of magic
Comestibles
 d - 10 rations


   Skills:
 - Level 1.5 Dodging
 - Level 2.1 Stealth
 * Level 9.0 Spellcasting
 + Level 4.7 Conjurations
   Level 0.7 Transmutations
 * Level 11.7 Earth Magic


You had 14 spell levels left.
You knew the following spells:

 Your Spells              Type           Power        Failure   Level  Hunger
a - Sandblast             Erth           ######       1%          1    None
b - Stone Arrow           Conj/Erth      #####.       1%          3    None
c - Lee's Rapid Deconstr  Erth           ######....   1%          5    #####..
d - Iskenderun's Mystic   Conj           ####....     1%          4    ###....


Dungeon Overview and Level Annotations

Branches:
Dungeon (8/15)             Temple (0/1) D:7
   Lair: D:8-11

Altars:
Elyvilon
Fedhas
Nemelex Xobeh
Ru
Vehumet
Xom
Yredelemnul
Zin

Shops:
D:4 (:[[

Annotations:
D:5 enricozb's ghost, novice GrEE


Innate Abilities, Weirdness & Mutations

You are resistant to torment.
Your stone body is resilient. (AC +7)
You are immune to poison.
You resist negative energy. (rN+)
You are resistant to electric shocks. (rElec)
You can survive without breathing.
You are immune to petrification.
You are immune to rotting.
You have a pair of small horns on your head.
Scrolls take you a little longer to read.


Message History

You are near starving!
The wyvern bites you!
* * * LOW HITPOINT WARNING * * *
Casting: Lee's Rapid Deconstruction (safe; 1% risk of failure)
Confirm with . or Enter, or press ? or * to list all spells.
Aiming: Lee's Rapid Deconstruction (safe; 1% risk of failure)
Press: ? - help, Dir - move target cursor The wall shatters!
The blast of rock fragments hits TwoGrow's ghost.
You destroy TwoGrow's ghost!
Vehumet accepts your kill.
You feel your power returning.
Your Spellcasting skill increases to level 9!
You have reached level 10!
The blast of rock fragments hits the wyvern.
The wyvern is almost dead.
The wyvern bites you!
* * * LOW HITPOINT WARNING * * *
The wyvern bites you.
You die...

###### #....# #....#
########....##########
..)...'.>...l@......#
#.#.##(..O########.#
#....(....# #...<#.#
#.........# #.#..#.#
#.........# #.####.#
.....##.......#
#......# ...#.
#.##....# ######## ..
#. #.##....# # #
#'##....#


You could see a wyvern and an ogre.

Vanquished Creatures
  A two-headed ogre (D:7)
  The ghost of TwoGrow the Sneak, a novice GnEn of Kikubaaqudgha (D:8)
  The ghost of holliwood the Sneak, an amateur VSAs (D:4)
  Eustachio (D:6)
  An orc warrior (D:7)
  An ice beast (D:5)
  A necrophage (D:7)
  3 ogres (D:5)
  A phantom (D:5)
  3 centaurs
  4 bullfrogs
  2 scorpions
  2 crimson imps
  2 bullfrog skeletons
  2 hounds
  4 orc wizards
  2 orc priests (D:6)
  A jelly (D:5)
  Crazy Yiuf (D:2)
  A centaur skeleton (D:7)
  5 iguanas
  4 worker ants
  A killer bee zombie (D:6)
  A hound skeleton (D:4)
  A howler monkey zombie (D:5)
  13 adders
  An adder (shapeshifter) (D:5)
  3 shadow imps
  2 oozes
  An adder zombie (D:5)
  An adder skeleton (D:4)
  2 worms (D:3)
  4 dart slugs
  3 leopard geckos
  20 orcs
  8 ball pythons
  5 bats
  8 giant cockroaches
  5 goblins
  10 hobgoblins
  15 jackals
  5 quokkas
  9 frilled lizards
  6 kobolds
  A quokka skeleton (D:5)
  12 rats
  4 plants (Sewer)
185 creatures vanquished.

Vanquished Creatures (others)
  A plant (Sewer)
1 creature vanquished.

Grand Total: 186 creatures vanquished

Notes
Turn   | Place    | Note
-------+----------+-------------------------------------------
     0 | D:1      | JeffiDaFish the Gargoyle Earth Elementalist began the quest for the Orb.
     0 | D:1      | Reached XP level 1. HP: 10/10 MP: 3/3
   285 | D:1      | Reached skill level 4 in Earth Magic
   285 | D:1      | Reached XP level 2. HP: 15/15 MP: 5/5
  1145 | D:2      | Reached XP level 3. HP: 19/19 MP: 6/6
  1150 | D:2      | Learned a level 3 spell: Stone Arrow
  1674 | D:2      | Found a glowing silver altar of Zin.
  1678 | D:2      | Found a radiant altar of Vehumet.
  1678 | D:2      | Found a blossoming altar of Fedhas.
  1686 | D:2      | Found a white marble altar of Elyvilon.
  1716 | D:2      | Became a worshipper of Vehumet
  1754 | D:2      | Reached XP level 4. HP: 24/24 MP: 5/8
  1874 | D:2      | Reached skill level 5 in Earth Magic
  1961 | D:2      | Found a runed door.
  1965 | D:2      | Noticed Crazy Yiuf
  1975 | D:2      | Killed Crazy Yiuf
  2190 | D:2      | Reached XP level 5. HP: 28/28 MP: 10/10
  2197 | D:2      | Learned a level 5 spell: Lee's Rapid Deconstruction
  2386 | D:2      | Gained mutation: Scrolls take you a little longer to read. [potion of mutation]
  2386 | D:2      | Gained mutation: You have a pair of small horns on your head. [potion of mutation]
  2464 | D:3      | Found a sacrificial altar of Ru.
  2561 | D:3      | Reached * piety under Vehumet
  2561 | D:3      | Offered knowledge of Sting by Vehumet.
  2870 | D:3      | Reached skill level 6 in Earth Magic
  3066 | D:3      | Reached XP level 6. HP: 18/32 MP: 4/12
  3286 | D:4      | Noticed holliwood's ghost (amateur VSAs)
  3293 | D:4      | Killed holliwood's ghost
  3557 | D:4      | Found Kegedux's Antique Weapon Emporium.
  3588 | D:4      | Reached skill level 7 in Earth Magic
  3588 | D:4      | Reached XP level 7. HP: 9/36 MP: 9/14
  3829 | D:4      | Reached skill level 5 in Spellcasting
  3901 | D:4      | Found Vitatol's Book Shop.
  3931 | D:4      | Found Omiav's Antique Armour Shop.
  3949 | D:4      | Found Bujolear's Armour Boutique.
  4138 | D:4      | Found a white marble altar of Elyvilon.
  4140 | D:4      | Found a shimmering altar of Xom.
  4140 | D:4      | Found a sparkling altar of Nemelex Xobeh.
  4143 | D:4      | Found a blossoming altar of Fedhas.
  4143 | D:4      | Found a basalt altar of Yredelemnul.
  4143 | D:4      | Found a basalt altar of Yredelemnul.
  4242 | D:5      | Entered Level 5 of the Dungeon
  4369 | D:5      | Offered knowledge of Searing Ray by Vehumet.
  4373 | D:5      | Reached skill level 8 in Earth Magic
  4374 | D:5      | Reached ** piety under Vehumet
  4410 | D:5      | Reached XP level 8. HP: 29/41 MP: 2/17
  4733 | D:5      | Noticed enricozb's ghost (novice GrEE)
  4888 | D:5      | HP: 2/41 [enricozb's ghost (4)]
  5249 | D:5      | Reached skill level 9 in Earth Magic
  6023 | D:6      | Noticed Eustachio
  6028 | D:6      | Killed Eustachio
  6028 | D:6      | Reached skill level 1 in Conjurations
  6439 | D:6      | Found a glowing drain.
  6448 | Sewer    | Entered a sewer
  6516 | Sewer    | Offered knowledge of Conjure Flame by Vehumet.
  6648 | Sewer    | Reached *** piety under Vehumet
  7404 | D:6      | Reached XP level 9. HP: 37/45 MP: 19/19
  7407 | D:6      | Offered knowledge of Iskenderun's Mystic Blast by Vehumet.
  7458 | D:6      | Learned a level 4 spell: Iskenderun's Mystic Blast
  7498 | D:7      | Reached skill level 10 in Earth Magic
  7614 | D:7      | Found a staircase to the Ecumenical Temple.
  7759 | D:7      | Paralysed by a centaur for 4 turns
  7764 | D:7      | Noticed a two-headed ogre
  7771 | D:7      | Killed a two-headed ogre
  7779 | D:7      | Reached skill level 11 in Earth Magic
  8423 | D:8      | Noticed TwoGrow's ghost (novice GnEn)
  8439 | D:8      | Killed TwoGrow's ghost
  8439 | D:8      | Reached XP level 10. HP: 11/50 MP: 2/23
  8439 | D:8      | HP: 1/50 [wyvern (11)]
  8439 | D:8      | Slain by a wyvern

Vault maps used:
D:1:      sevenhm_arrival_forest_fort_large_4
D:2:      kb_forest_paths, grunt_temple_overflow_open, first_ration,
          uniq_crazy_yiuf_cottage
D:3:      nicolae_ru_sacrificial_ziggurat
D:4:      doesnt_xom_only_xom, serial_shops, shop, shop_fountains,
          nicolae_shop_statue_plus, shop
D:5:      minmay_misc_feat_ornament
D:6:      portal_sewer_entry_b, uniq_eustachio
D:7:      minmay_temple_entry_statues_pillars
D:8:      eat_drink_and_be_merry_uskayaw, enter_bailey_1, special_room,
          bloody_trog
Sewer:    sewer_co_scattered_pipes

Skill      XL: |  1  2  3  4  5  6  7  8  9 |
---------------+----------------------------+-----
Earth Magic    | 4 5 6 7 8 9 11 | 11.7
Spellcasting   | 3 4 6 7 9 |  9.0
Conjurations   | 1 4 |  4.7
Dodging        | |  1.5
Stealth        | |  2.1
Transmutations | |  0.7

Action                   |  1- 3 |  4- 6 |  7- 9 | 10-12 || total
-------------------------+-------+-------+-------+-------++-------
Melee: Short sword       |    79 |       |       |       ||    79
       Quarterstaff      |    31 |   144 |   291 |       ||   466
       Headbutt          |       |     7 |    35 |       ||    42
 Cast: Sandblast         |     9 |    15 |    46 |       ||    70
       Stone Arrow       |     1 |    10 |    33 |       ||    44
       Lee's Rapid Decon |       |     1 |    16 |     1 ||    18
  Use: Scroll            |     6 |     6 |     3 |       ||    15
       Potion            |     1 |     4 |     8 |       ||    13
 Stab: Sleeping          |     4 |     3 |       |       ||     7
       Paralysed         |       |     1 |       |       ||     1
       Confused          |       |       |     1 |       ||     1
  Eat: Chunk             |     3 |     8 |    20 |       ||    31
Armor: Robe              |    49 |    73 |   125 |       ||   247
Dodge: Dodged            |    82 |   125 |   228 |       ||   435
       Deflected         |       |       |     7 |       ||     7

Table legend:
 A = Spawn XP
 B = Non-spawn XP
 C = Spawn XP percentage of total XP
 D = Spawn monster count
 E = Non-spawn monster count
 F = Spawn count percentage of total count
 G = Total turns spent on level
                    A         B        C        D         E        F      G
               +---------+---------+-------+---------+---------+-------+---------
         Total |       0 |    5237 |   0.0 |       0 |     181 |   0.0 |  8439
               +---------+---------+-------+---------+---------+-------+---------
           D:1 |       0 |      32 |   0.0 |       0 |      15 |   0.0 |  1144
           D:2 |       0 |     138 |   0.0 |       0 |      28 |   0.0 |  1312
           D:3 |       0 |     200 |   0.0 |       0 |      39 |   0.0 |   826
           D:4 |       0 |     447 |   0.0 |       0 |      15 |   0.0 |  1167
           D:5 |       0 |     908 |   0.0 |       0 |      25 |   0.0 |  1407
           D:6 |       0 |     606 |   0.0 |       0 |      16 |   0.0 |   821
           D:7 |       0 |    1957 |   0.0 |       0 |      19 |   0.0 |   891
           D:8 |       0 |     881 |   0.0 |       0 |       3 |   0.0 |    62
         Sewer |       0 |      68 |   0.0 |       0 |      21 |   0.0 |   809
               +---------+---------+-------+---------+---------+-------+---------
